AoeStats
← Chanos

Oasis

509331126Analyzed
4v4 RM · 7d ago on Sep 26, 2026· 75m 56s· 8 players
Game mode
Random Map
Map size
Large (8 player)
Population
200
Speed
Normal
Resources
Standard
Victory
Conquest
Starting age
Dark Age
Ending age
Imperial Age
RankedLock teamsTeams togetherTeam positionsShared explorationLock speedFull tech treeHidden civsTurbo modeCheats
Victory
Defeat
🇩🇪 Varangians · Germany
964
+15
🇷🇴 Lithuanians · Romania
949
+37
🇸🇰 Bulgarians · Slovakia
926
+16
🇳🇱 Mongols · Netherlands
925
+17
🇫🇷 Mongols · France
1089
-21
🇫🇷 Cumans · France
1054
-21
🇫🇷 Vietnamese · France
937
-16
🇫🇷 Inca · France
672
-6
Empomagic
2:37 Loom
12:01 Feudal Age
13:40 Horse Collar
17:50 Castle Age
18:42 Wheelbarrow
21:19 Fletching
22:49 Heavy Plow
23:20 Double-Bit Axe
25:09 Gold Mining
25:49 Bow Saw
27:48 Hand Cart
28:00 Bodkin Arrow
28:06 Padded Archer Armor
29:15 Thumb Ring
29:22 Husbandry
30:15 Bloodlines
34:19 Imperial Age
34:31 Gold Shaft Mining
33:48 Stone Mining
35:49 Elite Mangudai
40:24 Parthian Tactics
39:20 Crossbowman
41:37 Bracer
41:53 Leather Archer Armor
41:49 Arbalester
44:23 Forging
44:14 Scale Mail Armor
43:38 Pikeman
46:52 Hoardings
47:47 Iron Casting
47:28 Chain Mail Armor
56:41 Blast Furnace
56:11 Plate Mail Armor
55:16 Elite Skirmisher
56:58 Caravan
57:21 Capped Ram
64:46 Siege Ram
66:09 Drill
Heroc
0:47 Loom
11:03 Feudal Age
12:35 Double-Bit Axe
13:39 Bloodlines
16:18 Horse Collar
20:10 Castle Age
18:50 Fletching
20:11 Scale Barding Armor
21:08 Bow Saw
22:31 Chain Barding Armor
22:57 Husbandry
24:14 Wheelbarrow
26:28 Stone Mining
26:32 Gold Mining
32:16 Imperial Age
31:10 Forging
31:27 Ballistics
33:34 Plate Barding Armor
34:00 Town Watch
34:34 Squires
35:15 Iron Casting
34:36 Bodkin Arrow
34:41 Padded Archer Armor
35:14 Siege Engineers
35:48 Conscription
35:48 Elite Skirmisher
38:03 Bracer
41:24 Elite Jarl
43:56 Blast Furnace
43:52 Heavy Plow
44:07 Caravan
48:19 Chemistry
48:51 Masonry
56:54 Vendel Legacy
70:05 Hand Cart
Adamer64
4:28 Loom
10:53 Feudal Age
16:42 Castle Age
14:58 Double-Bit Axe
17:50 Bow Saw
20:08 Stone Mining
20:50 Forging
22:01 Wheelbarrow
21:34 Gold Mining
24:58 Hand Cart
24:46 Scale Mail Armor
25:46 Chain Mail Armor
25:35 Squires
26:28 Gambesons
27:52 Iron Casting
30:51 Imperial Age
29:19 Horse Collar
30:23 Gold Shaft Mining
31:08 Scale Barding Armor
31:23 Bloodlines
31:24 Heavy Plow
32:01 Husbandry
32:03 Town Watch
33:27 Plate Mail Armor
34:35 Crop Rotation
35:18 Blast Furnace
34:16 Arson
34:23 Fletching
35:54 Chain Barding Armor
35:10 Heavy Scorpion
35:49 Bodkin Arrow
37:03 Plate Barding Armor
36:29 Bracer
37:34 Conscription
38:02 Bagains
39:19 Siege Engineers
39:45 Ballistics
42:03 Chemistry
42:06 Padded Archer Armor
43:23 Leather Archer Armor
43:26 Masonry
46:25 Pikeman
47:33 Halberdier
47:52 Elite Konnik
48:41 Stirrups
48:14 Elite Skirmisher
55:12 Caravan
Towlie
8:41 Loom
10:43 Feudal Age
19:19 Castle Age
28:31 Bloodlines
28:22 Husbandry
31:52 Squires
33:38 Double-Bit Axe
34:50 Forging
43:19 Imperial Age
43:39 Scale Barding Armor
44:21 Iron Casting
47:03 Onager
47:12 Pikeman
49:36 Chain Barding Armor
48:57 Cavalier
51:12 Bow Saw
51:05 Halberdier
54:19 Conscription
56:18 Plate Barding Armor
61:56 Block Printing
65:43 Caravan
76:20 Two-Man Saw
XxAlexyzFxX42
0:38 Loom
10:40 Feudal Age
12:24 Wheelbarrow
11:49 Double-Bit Axe
11:52 Horse Collar
18:39 Forging
18:30 Scale Mail Armor
18:45 Gold Mining
22:40 Castle Age
21:28 Stone Mining
23:25 Heavy Plow
23:36 Bow Saw
24:02 Gold Shaft Mining
24:03 Stone Shaft Mining
23:25 Pikeman
24:07 Squires
26:48 Hand Cart
30:37 Iron Casting
36:09 Imperial Age
36:03 Andean Sling
36:56 Chain Mail Armor
36:13 Halberdier
37:59 Conscription
37:11 Capped Ram
40:32 Fabric Shields
41:31 Elite Kamayuk
48:06 Champi Runner
50:57 Blast Furnace
50:37 Plate Mail Armor
52:44 Town Watch
57:18 Elite Skirmisher
59:06 Fletching
59:17 Padded Archer Armor
62:26 Bodkin Arrow
62:47 Leather Archer Armor
62:05 Imperial Skirmisher
62:50 Thumb Ring
69:29 Treadmill Crane
Actiweed1
0:27 Loom
12:40 Feudal Age
14:00 Wheelbarrow
13:10 Horse Collar
13:42 Double-Bit Axe
22:58 Gold Mining
22:59 Stone Mining
25:17 Castle Age
25:06 Arson
26:49 Hand Cart
26:20 Town Watch
26:37 Heavy Plow
26:51 Bow Saw
27:57 Squires
27:58 Crossbowman
31:12 Thumb Ring
30:56 Pikeman
31:33 Fletching
31:44 Padded Archer Armor
35:17 Ballistics
39:37 Imperial Age
37:23 Fortified Wall
36:56 Treadmill Crane
37:59 Bodkin Arrow
38:16 Forging
39:01 Masonry
40:13 Iron Casting
40:16 Leather Archer Armor
40:09 Scale Mail Armor
41:08 Crop Rotation
42:15 Two-Man Saw
42:37 Chemistry
42:10 Arbalester
43:57 Bracer
44:14 Chain Mail Armor
46:29 Siege Engineers
46:15 Heated Shot
47:07 Ring Archer Armor
52:19 Stone Shaft Mining
53:42 Paper Money
53:14 Elite Skirmisher
54:57 Plate Mail Armor
55:15 Imperial Skirmisher
60:09 Elite Rattan Archer
65:14 Caravan
65:55 Town Patrol
66:01 Murder Holes
Chanos
8:06 Loom
10:36 Feudal Age
14:23 Double-Bit Axe
20:46 Castle Age
19:36 Fletching
22:21 Horse Collar
25:57 Wheelbarrow
28:59 Gold Mining
29:54 Bow Saw
31:03 Gold Shaft Mining
31:06 Padded Archer Armor
32:58 Hand Cart
33:04 Bloodlines
33:19 Ballistics
33:28 Stone Mining
34:07 Heavy Plow
34:12 Bodkin Arrow
34:33 Leather Archer Armor
33:47 Capped Ram
35:32 Thumb Ring
35:41 Steppe Husbandry
36:13 Scale Mail Armor
36:24 Forging
39:04 Imperial Age
36:53 Elite Skirmisher
36:55 Pikeman
37:36 Squires
39:08 Siege Ram
40:16 Parthian Tactics
39:12 Heavy Cavalry Archer
41:06 Conscription
41:44 Scale Barding Armor
44:37 Chemistry
43:50 Elite Kipchak
44:04 Elite Steppe Lancer
46:48 Imperial Skirmisher
51:46 Ring Archer Armor
51:48 Chain Mail Armor
52:08 Iron Casting
51:10 Halberdier
51:36 Arson
51:53 Town Watch
52:44 Coinage
52:26 Guilds
52:17 Caravan
55:23 Banking
56:30 Light Cavalry
67:17 Blast Furnace
66:48 Plate Mail Armor
66:42 Chain Barding Armor
66:43 Cuman Mercenaries
69:52 Plate Barding Armor
SaVaGe
5:52 Loom
9:09 Feudal Age
9:54 Double-Bit Axe
20:28 Castle Age
19:37 Gold Mining
21:22 Stone Mining
23:54 Bloodlines
23:44 Husbandry
25:18 Bow Saw
27:44 Horse Collar
29:44 Scale Barding Armor
30:45 Forging
33:18 Wheelbarrow
32:59 Town Watch
36:56 Imperial Age
34:51 Fletching
36:02 Stone Shaft Mining
36:36 Bodkin Arrow
37:23 Padded Archer Armor
38:11 Conscription
38:55 Hoardings
37:50 Heavy Camel Rider
39:22 Hand Cart
39:39 Bracer
40:15 Iron Casting
39:50 Heavy Plow
41:44 Gold Shaft Mining
41:23 Elite Mangudai
43:20 Leather Archer Armor
43:29 Chain Barding Armor
43:42 Ballistics
46:10 Chemistry
46:58 Blast Furnace
45:58 Murder Holes
46:09 Siege Engineers
45:54 Onager
54:07 Caravan
55:18 Light Cavalry
56:01 Hussar
67:07 Siege Onager
Connection lost

Rejoining the realm…

Still unreachable

The connection could not be restored.

Session expired

The server has moved on; the page needs a fresh start.